 Seeded DCSS version 0.29-a0-664-gff9cad4a3d (webtiles) character file.

Game seed: 12781424815227474791 (custom seed)

146 zeratav the Stinger (level 5, -4/45 HPs)
             Began as an Ogre Venom Mage on June 22, 2022.
             Slain by Grinder (6 damage)
             ... on level 3 of the Dungeon.
             The game lasted 00:03:55 (3067 turns).

zeratav the Stinger (Ogre Venom Mage)               Turns: 3067, Time: 00:03:56

Health: -4/45      AC:  3    Str: 14    XL:     5   Next: 28%
Magic:  3/8        EV:  9    Int: 16    God:
Gold:   123        SH:  0    Dex:  9    Spells: 7/8 levels left

rFire   . . .      SeeInvis .   g - +2 short sword (venom) {short}
rCold   . . .      Faith    .   (no shield)
rNeg    . . .      Spirit   .   a - +0 robe
rPois   .          Reflect  .   (helmet restricted)
rElec   .          Harm     .   (no cloak)
rCorr   .          Rampage  .   (gloves unavailable)
Will    .....                   (boots unavailable)
Stlth   +.........              (no amulet)
HPRegen 0.15/turn               (no ring)
MPRegen 0.11/turn               (no ring)

@: no status effects
A: large, unfitting armour, tough skin 1
a: no special abilities


You were on level 3 of the Dungeon.
You visited 1 branch of the dungeon, and saw 3 of its levels.

You collected 123 gold pieces.


Innate Abilities, Weirdness & Mutations

You are too large for most types of armour.
You have tough skin. (AC +1)


   Skills:
 - Level 1.7 Dodging
 - Level 1.4 Stealth
 - Level 2.4 Spellcasting
 - Level 0.8 Transmutations
 + Level 5.3 Poison Magic


You had 7 spell levels left.
You knew the following spells:

 Your Spells              Type           Power      Damage    Failure   Level
a - Sting                 Tmut/Pois      44%        1d5       5%          1

Your spell library contained the following spells:

 Spells                   Type           Power      Damage    Failure   Level
 Poisonous Vapours        Pois/Air       20%        N/A       10%         2
 Summon Small Mammal      Summ           4%         N/A       21%         1
 Olgreb's Toxic Radiance  Pois           18%        N/A       22%         4
 Mephitic Cloud           Conj/Pois/Air  7%         N/A       28%         3
 Call Canine Familiar     Summ           1%         N/A       52%         3
 Summon Guardian Golem    Hex/Summ       1%         N/A       52%         3

Inventory:

Hand Weapons
 g - a +2 short sword of venom (weapon) {short}
   (You took it off a kobold on level 1 of the Dungeon)
Armour
 a - a +0 robe (worn)
Jewellery
 l - an amulet of faith {!P}
   (You found it on level 3 of the Dungeon)
 m - a ring of fire
   (You found it on level 3 of the Dungeon)
Scrolls
 c - 3 scrolls of identify {unknown}
 e - a scroll of teleportation {unknown}
 h - a scroll of brand weapon {unknown}
 k - a scroll of noise {unknown}
 o - a scroll of enchant weapon {unknown}
 p - a scroll of vulnerability {unknown}
Potions
 b - a potion of magic
 d - 3 potions of curing {unknown}
 f - a potion of might {unknown}
 i - 3 potions of lignification {unknown}
 j - a potion of attraction {unknown}
 n - a potion of degeneration {unknown}

Dungeon Overview and Level Annotations

Branches:
Dungeon (3/15) Zot: 14916

Altars:
Kikubaaqudgha
Yredelemnul
Zin

Annotations:
D:3 3 runed translucent doors, Dordric's ghost, amateur TrMo; Grinder

..(..# #.# #.(.............#
####.# #.# #.####...########
#.# #.# ###.# #..## . #.#
#.###.#.# #..#########.#
#.####.##.#..####...##......#
#........###>.._.....(......#
######....#.............###.#
#####.#.##########.#
###.@5...... .# ########## ##


You could see Grinder (extremely poisoned).


Message History

No target in view!
No target in view!
HP[+1]
Found an ancient bone altar of Kikubaaqudgha.
There is an ancient bone altar of Kikubaaqudgha here.
You see here a quokka corpse.
You see here a +0 short sword {short}.
The adder hisses angrily.
Dordric's ghost turns its malevolent gaze towards you.
An endoplasm comes into view.
HP[+2]
Your hp is fully restored (45).
You see here 5 stones {throwing}.
The helpless endoplasm fails to defend itself.
You hit the endoplasm.
The endoplasm hits you but does no damage.
You hit the endoplasm.
The endoplasm is poisoned.
The endoplasm freezes you.
You are frozen.
HP[-4]
You take 4 damage, and now have 41/45 hp.
You hit the endoplasm but do no damage.
The endoplasm looks as sick as possible!
The endoplasm hits you but does no damage.
HP[+1]
You hit the endoplasm.
You kill the endoplasm!
You see here 5 stones {throwing}.
You start resting.
HP[+3]
Your hp is fully restored (45).
Grinder comes into view.
Casting: Sting (safe; 5% risk of failure)
Confirm with . or Enter, or press ? or * to list all spells.
Aiming: Sting (safe; 5% risk of failure)
Press: ? - help, Shift-Dir - straight line, f - Grinder
Aim: Grinder (asleep, 100% to hit)
The sting hits Grinder.
Grinder partially resists.
Grinder is poisoned.
Grinder shouts!
MP[-1]
You lost 1 mp, and now have 7/8 mp.
Casting: Sting (safe; 5% risk of failure)
Confirm with . or Enter, or press ? or * to list all spells.
Aiming: Sting (safe; 5% risk of failure)
Press: ? - help, Shift-Dir - straight line, f/p - Grinder
Aim: Grinder (lightly wounded, poisoned, 68% to hit)
The sting hits Grinder.
Grinder partially resists.
Grinder gestures at you. Pain shoots through your body!
HP[-12] MP[-1]
You take 12 damage, and now have 33/45 hp.
MASSIVE DAMAGE!! (PAUSE)
You lost 1 mp, and now have 6/8 mp.
Casting: Sting (safe; 5% risk of failure)
Confirm with . or Enter, or press ? or * to list all spells.
Aiming: Sting (safe; 5% risk of failure)
Press: ? - help, Shift-Dir - straight line, f/p - Grinder
Aim: Grinder (lightly wounded, poisoned, 68% to hit)
The sting hits Grinder but does no damage.
Grinder looks even sicker.
Grinder gestures at you. Pain shoots through your body!
HP[-5] MP[-1]
You take 5 damage, and now have 28/45 hp.
You lost 1 mp, and now have 5/8 mp.
Casting: Sting (safe; 5% risk of failure)
Confirm with . or Enter, or press ? or * to list all spells.
Aiming: Sting (safe; 5% risk of failure)
Press: ? - help, Shift-Dir - straight line, f/p - Grinder
Aim: Grinder (lightly wounded, very poisoned, 68% to hit)
The sting hits Grinder.
Grinder partially resists.
MP[-1]
You lost 1 mp, and now have 4/8 mp.
You hit Grinder.
Grinder looks as sick as possible!
Grinder hits you but does no damage.
HP[+1]
You hit Grinder. Grinder hits you!
* * * LOW HITPOINT WARNING * * *
You writhe in agony.
* * * LOW HITPOINT WARNING * * *
HP[-8]
You take 8 damage, and now have 21/45 hp.
Casting: Sting (safe; 5% risk of failure)
Confirm with . or Enter, or press ? or * to list all spells.
Aiming: Sting (safe; 5% risk of failure)
Press: ? - help, Shift-Dir - straight line, f/p - Grinder
Aim: Grinder (moderately wounded, extremely poisoned, 68% to hit)
The sting hits Grinder but does no damage.
Grinder looks as sick as possible!
Grinder gestures at you. Pain shoots through your body!
* * * LOW HITPOINT WARNING * * *
HP[-12] MP[-1]
You take 12 damage, and now have 9/45 hp.
MASSIVE DAMAGE!! (PAUSE)
You lost 1 mp, and now have 3/8 mp.
You barely miss Grinder. Grinder hits you!
* * * LOW HITPOINT WARNING * * *
You writhe in agony.
You die...

Skill      XL: |  1  2  3  4 |
---------------+-------------+-----
Poison Magic   | 3 4 5 |  5.3
Dodging        | |  1.7
Stealth        | |  1.4
Spellcasting   | |  2.4
Transmutations | |  0.8

Action                   |  1- 3 |  4- 6 || total
-------------------------+-------+-------++-------
Melee: Short sword       |    36 |    72 ||   108
       Punch             |       |     1 ||     1
 Cast: Sting             |    12 |    15 ||    27
 Stab: Sleeping          |       |     3 ||     3
Armor: Robe              |    12 |    21 ||    33
Dodge: Dodged            |    21 |    33 ||    54

Levels and vault maps discovered:
D:1:      zaba_arrival_water, layout_loops_ring, ebering_ecumenical_altar_webs,
          item_on_display_a
D:2:      layout_basic, interstate_on_off, hangedman_abyss_or_decor_lesser_grid,
          minmay_domino_2
D:3:      layout_loops_ring, mainiacjoe_overflow_alcove_1,
          overflow_temple_1_default, lemuel_doored_altar, gammafunk_ghost_split,
          minmay_checkerbox, uniq_sigmund, uniq_grinder

Notes
Turn   | Place    | Note
-------+----------+-------------------------------------------
     0 | D:1      | zeratav the Ogre Venom Mage began the quest for the Orb.
     0 | D:1      | Reached XP level 1. HP: 16/16 MP: 3/3
     0 | D:1      | magus.rc [v1.9.6]
   294 | D:1      | Found a faded altar of an unknown god.
   301 | D:1      | Reached skill level 3 in Poison Magic
   320 | D:1      | Reached XP level 2. HP: 24/24 MP: 1/5
   964 | D:2      | Reached XP level 3. HP: 22/31 MP: 6/6
  1195 | D:2      | Noticed a scorpion
  1203 | D:2      | Killed a scorpion
  1204 | D:2      | Reached skill level 4 in Poison Magic
  1204 | D:2      | Reached XP level 4. HP: 26/39 MP: 2/7
  1591 | D:2      | You pick up a book of Callings and begin reading...
  1591 | D:2      | You add the spells Summon Small Mammal, Call Canine
                  | Familiar and Summon Guardian Golem to your library.
  2349 | D:3      | Reached skill level 5 in Poison Magic
  2349 | D:3      | Reached XP level 5. HP: 31/45 MP: 5/8
  2530 | D:3      | Found a runed translucent gate.
  2545 | D:3      | Found a glowing silver altar of Zin.
  2574 | D:3      | Found a basalt altar of Yredelemnul.
  2945 | D:3      | Found an ancient bone altar of Kikubaaqudgha.
  3000 | D:3      | Noticed Dordric's ghost (amateur TrMo)
  3007 | D:3      | Found a runed translucent gate.
  3007 | D:3      | Found a runed translucent gate.
  3058 | D:3      | Noticed Grinder
  3066 | D:3      | HP: 9/45 [Grinder/nerve-wracking pain (12)]
  3067 | D:3      | HP: 2/45 [Grinder (7)]
  3067 | D:3      | Slain by Grinder

Vanquished Creatures
  A scorpion (D:2)
  5 adders
  3 dart slugs
  2 endoplasms (D:3)
  3 giant cockroaches
  2 hobgoblins
  2 jackals (D:2)
  3 quokkas (D:3)
  2 ball pythons (D:2)
  2 bats (D:2)
  A frilled lizard (D:2)
  5 goblins
  5 kobolds
  5 rats
41 creatures vanquished.

Table legend:
 A = Non-vault XP
 B = Vault XP
 C = Vault XP percentage of total XP
 D = Non-vault monster count
 E = Vault monster count
 F = Vault count percentage of total count
                 A         B        C        D         E       F
            +---------+---------+-------+---------+---------+-------
      Total |     201 |       8 |   3.8 |      36 |       5 |  12.2
            +---------+---------+-------+---------+---------+-------
        D:1 |      11 |       0 |   0.0 |       7 |       0 |   0.0
        D:2 |     115 |       1 |   0.9 |      15 |       1 |   6.2
        D:3 |      75 |       7 |   8.5 |      14 |       4 |  22.2
            +---------+---------+-------+---------+---------+-------

Illustrated notes

Table legend:
 A = Kills in this place as a percentage of kills in entire the game.
 B = Kills by you in this place as a percentage of kills by you in the entire game.
 C = Kills by friends in this place as a percentage of kills by friends in the entire game.
 D = Other kills in this place as a percentage of other kills in the entire game.
 E = Experience gained in this place as a percentage of experience gained in the entire game.
 F = Experience gained in this place divided by the number of levels of this place that you have seen.
                   A       B       C       D       E      F
               +-------+-------+-------+-------+-------+----------------------
         Total | 100.0 | 100.0 |   N/A |   N/A | 100.0 |  69.7
       Dungeon | 100.0 | 100.0 |   N/A |   N/A | 100.0 |  69.7
               +-------+-------+-------+-------+-------+----------------------

Table legend: (Time is in decaauts)
 A = Elapsed time spent in this place.
 B = Non-inter-level travel time spent in this place.
 C = Inter-level travel time spent in this place.
 D = Time resting spent in this place.
 E = Time spent auto-exploring this place.
 F = Levels seen in this place.
 G = Mean time per level.
                   A        B        C        D        E       F      G
               +--------+--------+--------+--------+--------+-----+--------+
         Total |   3082 |   2982 |    100 |    670 |   1805 |   3 | 1027.3 |
       Dungeon |   3082 |   2982 |    100 |    670 |   1805 |   3 | 1027.3 |
               +--------+--------+--------+--------+--------+-----+--------+

Top non-repeatable levels by time:
     D:2: 1470 daAuts
     D:3: 958 daAuts
     D:1: 654 daAuts
